 Dungeon Crawl Stone Soup version 0.13-a0-3092-g1832de8 (webtiles) character file.

209 Sachiko the Covered (level 4, -2/35 HPs)
             Began as a Djinni Abyssal Knight on Sept 18, 2013.
             Was a Believer of Lugonu.
             Slain by Crazy Yiuf
             ... wielding a +4,+3 quarterstaff of chaos
              (8 damage)
             ... on Level 3 of the Dungeon.
             The game lasted 00:12:22 (2442 turns).

Sachiko the Covered (Djinni Abyssal Knight)         Turns: 2442, Time: 00:12:23

HP  -2/35        AC  9     Str 11      XL: 4   Next: 30%
MP   0/0         EV  7     Int 12      God: Lugonu [**....]
Gold 121         SH  0     Dex 11      Spells:  0 memorised,  3 levels left

Res.Fire  : + + +   See Invis. : .   a - +2 spear {=f}
Res.Cold  : x . .   Warding    : .   c - +1 dwarf scale mail
Life Prot.: + + +   Conserve   : .   (no shield)
Res.Poison: .       Res.Corr.  : .   (no helmet)
Res.Elec. : .       Clarity    : .   d - +0 cloak
Sust.Abil.: . .     Spirit.Shd : .   (no gloves)
Res.Mut.  : .       Stasis     : .   (boots unavailable)
Res.Rott. : .       Flight     : .   (no amulet)
Saprovore : . . .                    (no ring)
                                     (no ring)

@: about to teleport, invisible, very slightly contaminated, slightly resistant
to hostile enchantments, extremely unstealthy
A: fire immunity, cold vulnerability, life protection 3, spit poison 1, Str -2,
Dex -2
a: Spit Poison, Depart the Abyss, Bend Space, Renounce Religion


You were on level 3 of the Dungeon.
You worshipped Lugonu.
Lugonu was most pleased with you.
You were not hungry.

You visited 1 branch of the dungeon, and saw 3 of its levels.
You visited the Abyss 1 time.

You collected 101 gold pieces.

Inventory:

Hand weapons
 a - a +2,+2 spear (weapon) {=f}
Armour
 b - a +0 leather armour
 c - a +1 dwarven scale mail (worn)
 d - a +0 cloak (worn)
Scrolls
 e - 3 scrolls of teleportation
 f - a scroll of identify {unknown}
 g - a scroll of amnesia


   Skills:
 - Level 2.6 Fighting
 + Level 3.0 Polearms
 + Level 3.3 Armour
 + Level 1.8 Dodging
 + Level 2.6 Invocations


You had 3 spell levels left.
You didn't know any spells.

Dungeon Overview and Level Annotations

Branches:
Dungeon (3/27)

Altars:
Fedhas
Makhleb

Annotations:
D:2 Sigmund
D:3 Crazy Yiuf


Innate Abilities, Weirdness & Mutations

You are immune to all types of fire, even holy and hellish.
You are vulnerable to cold.
You need no food.
You have no legs.
You are immune to negative energy.
You are clumsy. (Dex -2)
You can spit poison.
You are weak. (Str -2)


Message History

Crazy Yiuf is moderately wounded.
You puncture Crazy Yiuf!
Crazy Yiuf is severely wounded.
Crazy Yiuf hits you with a quarterstaff of chaos!
You feel strangely unstable.
You closely miss Crazy Yiuf.
Crazy Yiuf is severely wounded.
Crazy Yiuf drinks a potion.
Crazy Yiuf is healed!
You closely miss Crazy Yiuf.
Crazy Yiuf is lightly wounded.
Crazy Yiuf barely misses you.
You hit Crazy Yiuf.
Crazy Yiuf is moderately wounded.
Crazy Yiuf closely misses you.
You hit Crazy Yiuf.
Crazy Yiuf is moderately wounded.
Crazy Yiuf hits you with a quarterstaff of chaos!
* * * LOW HITPOINT WARNING * * *
Crazy Yiuf freezes you!
You die...

#...................#.#
###...#...#...#...#..#..
#.......[.)........._###
#.#...#...#...#...#..#..
#....%...............###
#.######################
#.....##.######.........
####..##..<.............
#..g@...####.........
#..........#.........
##..####.#...........
##....###.#.#.........
♣♣....♣♣#........#.#).
♣♣♣...♣♣#.#####....#.#
♣♣♣♣.♣♣♣#...# #.>.....
♣♣♣♣.♣♣#...# #......#
♣♣.♣♣♣#...# #..#####


You could see Crazy Yiuf.

Vanquished Creatures
  3 adders (D:2)
  6 giant geckos
  6 orcs
  2 bats
  9 goblins
  2 hobgoblins
  A giant cockroach (D:3)
  3 giant newts
  6 jackals
  6 kobolds
  A quokka (D:3)
  2 rats
47 creatures vanquished.

Vanquished Creatures (others)
  An orc (D:2)
1 creature vanquished.

Grand Total: 48 creatures vanquished

Notes
Turn   | Place    | Note
--------------------------------------------------------------
     0 | Abyss:1  | Sachiko, the Djinni Abyssal Knight, began the quest for the Orb.
     0 | Abyss:1  | Reached XP level 1. HP: 15/15 MP: 0/0
    22 | D:1      | Escaped the Abyss
   111 | D:1      | Reached skill level 1 in Dodging
   197 | D:1      | Acquired Lugonu's first power
   197 | D:1      | Reached XP level 2. EP: 21/21
   626 | D:2      | Noticed Sigmund
   879 | D:2      | Reached XP level 3. EP: 20/28
  1496 | D:2      | Found a blossoming altar of Fedhas.
  1718 | D:2      | Reached skill level 3 in Armour
  1795 | D:3      | Found a burning altar of Makhleb.
  1944 | D:3      | Acquired Lugonu's second power
  1944 | D:3      | Reached XP level 4. EP: 32/35
  2058 | D:3      | Gained mutation: You are clumsy. (Dex -2) [potion of mutation]
  2058 | D:3      | Gained mutation: You are weak. (Str -2) [potion of mutation]
  2058 | D:3      | Gained mutation: You can spit poison. [potion of mutation]
  2397 | D:3      | Noticed Crazy Yiuf
  2442 | D:3      | Slain by Crazy Yiuf

Action                   |  1- 3 |  4- 6 || total
-------------------------+-------+-------++-------
Melee: Spear             |   128 |    69 ||   197
Invok: Depart the Abyss  |     1 |       ||     1
  Use: Scroll            |     5 |     1 ||     6
       Potion            |     2 |     3 ||     5
